 Dungeon Sprint DCSS version 0.28.0-53-g5a82cb258f (webtiles) character file.

Game seed: 10040090590283416740

127 Zeld the Thaumaturge (level 4, -6/24 HPs)
             Began as a Deep Elf Conjurer on May 27, 2022.
             Was a Believer of Sif Muna.
             Mangled by a kobold brigand
             ... wielding a +0 club
              (9 damage)
             ... in the Dungeon (Sprint VII: "The Pits").
             The game lasted 00:00:52 (222 turns).

Zeld the Thaumaturge (Deep Elf Conjurer)             Turns: 222, Time: 00:00:52

Health: -6/24      AC:  2    Str:  4    XL:     4   Next: 85%
Magic:  8/16       EV: 12    Int: 25    God:    Sif Muna [**....]
Gold:   0          SH:  0    Dex: 13    Spells: 9/20 levels left

rFire   . . .      SeeInvis .   a - +2 quarterstaff
rCold   . . .      Faith    .   (shield currently unavailable)
rNeg    . . .      Spirit   .   h - +0 robe
rPois   .          Reflect  .   (no helmet)
rElec   .          Harm     .   (no cloak)
rCorr   .          Rampage  .   (no gloves)
Will    .....      NoTele   +   (no boots)
Stlth   +++.......              (no amulet)
HPRegen 0.08/turn               (no ring)
MPRegen 0.15/turn               (no ring)

@: lethally poisoned (-6 -> -13), slowed, very slow
A: no striking features
a: Renounce Religion, Channel Magic


You were in the Dungeon.
You worshipped Sif Muna.
Sif Muna was pleased with you.
You visited 1 branch

Inventory:

Hand Weapons
 a - a +2 quarterstaff (weapon)
Armour
 h - a +0 robe (worn)
Scrolls
 g - a scroll of blinking
 j - 5 scrolls of amnesia
 k - a scroll of summoning
Potions
 b - a potion of curing
 c - a potion of heal wounds
 d - a potion of haste
 e - 4 potions of magic
 f - 3 potions of berserk rage
 i - 2 potions of invisibility


   Skills:
 - Level 2.4 Dodging
 + Level 6.1 Stealth
 * Level 8.5 Spellcasting
 * Level 8.0 Conjurations


You had 9 spell levels left.
You knew the following spells:

 Your Spells              Type           Power      Damage    Failure   Level
a - Magic Dart            Conj           100%       1d8       1%          1
b - Searing Ray           Conj           100%       2d8       1%          2
c - Fulminant Prism       Conj/Hex       15%        3d11      11%         4
d - Iskenderun's Mystic   Conj/Tloc      30%        2d8       11%         4

Your spell library contained the following spells:

 Spells                   Type           Power      Damage    Failure   Level
 Dazzling Flash           Conj/Hex       60%        N/A       3%          3


Dungeon Overview and Level Annotations

Branches:
Dungeon (1/1)

Altars:
Ashenzari
Cheibriados
Dithmenos
Elyvilon
Fedhas
Gozag
Hepliaklqana
Kikubaaqudgha
Makhleb
Nemelex Xobeh
Okawaru
Qazlal
Ru
Sif Muna
Trog
Uskayaw
Vehumet
Wu Jian
Xom
Yredelemnul
Zin
The Shining One
Beogh
Jiyva
Lugonu


Message History

The searing ray hits the adder!
You kill the adder!
Sif Muna accepts your kill.
The gnoll shouts!
You hear a shout!
A kobold brigand comes into view.
It is wielding a +0 club and quivering curare-tipped darts.
There is an open door here.
There is an open door here.
Things that are here:
a +0 club; a goblin corpse A gnoll is nearby!
A gnoll is nearby!
The gnoll hits you with a +0 club. The gnoll hits you with a +0 club!
Casting: Searing Ray (safe; 1% risk of failure)
Confirm with . or Enter, or press ? or * to list all spells.
Aiming: Searing Ray (safe; 1% risk of failure)
Press: ? - help, Shift-Dir - straight line, f - kobold brigand
Aim: a kobold brigand, wielding a +0 club and quivering curare-tipped darts (79% to hit)
The searing ray hits the gnoll!
You kill the gnoll!
Sif Muna accepts your kill.
The searing ray hits the kobold brigand!
The kobold brigand is moderately wounded. (Press . to maintain the ray.)
Your Stealth skill increases to level 6!
Your Conjurations skill increases to level 8!
The searing ray hits the kobold brigand!
The kobold brigand is heavily wounded.
The kobold brigand throws a curare-tipped dart.
The curare-tipped dart hits you.
You are poisoned.
You have difficulty breathing.
* * * LOW HITPOINT WARNING * * *
You feel yourself slow down.
The searing ray hits the kobold brigand!
The kobold brigand is severely wounded.
* * * LOW HITPOINT WARNING * * *
You feel very sick.
The kobold brigand hits you with a +0 club!
You die...

############
#_________.#
#_________.#
#_______...###########++
##########'##...........
#.?(.')))'.##......#..#.
##########.##...........
#.........).'...........
#+#####@#####......#..#.
#...#K# #...........
#...#.# ####'#####++
#...'.# #.......#
##†#### #.......# #...
#.......# #....
#...<...# #...g.
#.......# #.....K
#.......#


You could see a kobold brigand.

Vanquished Creatures
  A floating eye (D)
  A gnoll (D)
  An adder (D)
  A ball python (D)
  2 goblins (D)
  A ball python skeleton (D)
7 creatures vanquished.

Notes
Turn   | Place    | Note
-------+----------+-------------------------------------------
     0 | D        | Zeld the Deep Elf Conjurer began the quest for the Orb.
     0 | D        | Reached XP level 1. HP: 10/10 MP: 6/6
    44 | D        | Found a bloodstained altar of Trog.
    44 | D        | Found a shimmering blue altar of Sif Muna.
    44 | D        | Found a viscous altar of Jiyva.
    44 | D        | Found a hazy altar of Hepliaklqana.
    44 | D        | Found an opulent altar of Gozag.
    45 | D        | Found a glowing golden altar of the Shining One.
    45 | D        | Found a glowing silver altar of Zin.
    45 | D        | Found a basalt altar of Yredelemnul.
    45 | D        | Found a shimmering altar of Xom.
    45 | D        | Found an ornate altar of the Wu Jian Council.
    45 | D        | Found a sacrificial altar of Ru.
    45 | D        | Found a stormy altar of Qazlal.
    45 | D        | Found an iron altar of Okawaru.
    45 | D        | Found a sparkling altar of Nemelex Xobeh.
    45 | D        | Found a burning altar of Makhleb.
    45 | D        | Found a blossoming altar of Fedhas.
    45 | D        | Found a white marble altar of Elyvilon.
    45 | D        | Found a shadowy altar of Dithmenos.
    45 | D        | Found a snail-covered altar of Cheibriados.
    46 | D        | Found a radiant altar of Vehumet.
    46 | D        | Found a corrupted altar of Lugonu.
    48 | D        | Found an ancient bone altar of Kikubaaqudgha.
    48 | D        | Found a hide-covered altar of Uskayaw.
    48 | D        | Found a broken altar of Ashenzari.
    49 | D        | Became a worshipper of Sif Muna the Loreminder
    82 | D        | Noticed a floating eye
    85 | D        | Paralysed by a floating eye for 3 turns
    91 | D        | Paralysed by a floating eye for 4 turns
    95 | D        | Killed a floating eye
    96 | D        | Reached skill level 5 in Stealth
    96 | D        | Reached XP level 2. HP: 15/15 MP: 0/13
    96 | D        | Reached XP level 3. HP: 19/19 MP: 0/14
    96 | D        | Reached XP level 4. HP: 24/24 MP: 0/16
   190 | D        | Reached * piety under Sif Muna
   195 | D        | Learned a level 2 spell: Searing Ray
   200 | D        | Learned a level 4 spell: Fulminant Prism
   205 | D        | Learned a level 4 spell: Iskenderun's Mystic Blast
   211 | D        | Noticed a kobold brigand
   220 | D        | Reached ** piety under Sif Muna
   222 | D        | Mangled by a kobold brigand

Illustrated notes

Levels and vault maps discovered:
D:        pitsprint [storerooms_1, entrance_room_1, metal_vault_2, armoury_1,
          mini_pit_1, grid_room_1, main_hall_1, silver_pit, the_coven_1,
          the_vestibule_1, steel_vault_3, golden_pit, hallway_of_sentries,
          crystal_vault_5, iron_vault_1, final_vault]

Skill      XL: |  1  2  3  4 |
---------------+-------------+-----
Stealth        | 5 6 |  6.1
Spellcasting   | 8 |  8.5
Conjurations   | 7 8 |  8.0
Dodging        | |  2.4

Action                   |  1- 3 |  4- 6 || total
-------------------------+-------+-------++-------
Melee: Quarterstaff      |       |     1 ||     1
 Cast: Magic Dart        |     8 |     3 ||    11
       Searing Ray       |       |     2 ||     2
Dodge: Dodged            |     1 |     3 ||     4
